 Dungeon Crawl Stone Soup version 0.31.0-11-ge490571c62 (webtiles) character file.

Game seed: 12920634158455965528

1358 Khashishi the Shooter (level 8, -1/52 HPs)
             Began as a Barachi Hexslinger on Jan 29, 2024.
             Was a Believer of Hepliaklqana.
             Slain by Prince Ribbit (20 damage)
             ... on level 5 of the Dungeon.
             The game lasted 00:42:19 (3829 turns).

Khashishi the Shooter (Barachi Hexslinger)          Turns: 3829, Time: 00:42:20

Health: -1/52      AC:  4    Str: 11    XL:     8   Next: 64%
Magic:  2/13       EV: 12    Int: 13    God:    Hepliaklqana [**....]
Gold:   160        SH:  0    Dex: 16    Spells: 1/13 levels left

rFire   . . .        a - +1 sling
rCold   . . .        (no shield)
rNeg    . . .        c - +0 robe
rPois   .            m - +0 helmet
rElec   .            o - scarf {harm}
rCorr   .            (no gloves)
SInv    .            x - +0 pair of boots
Will    .....        p - amulet of magic regeneration
Stlth   +            n - ring of wizardry
HPRegen 0.28/turn    (no ring)
MPRegen 0.53/turn

%: harm (+30% outgoing, +20% incoming), wizardry (x1)
@: about to teleport, unable to hop, on blink cooldown, slow
A: reduced essence, amphibious, slowness 1, strong legs 1, +LOS
a: Hop, Renounce Religion, Recall Ancestor, Ancestor Identity


You were on level 5 of the Dungeon.
You worshipped Hepliaklqana.
Hepliaklqana was pleased with you.
You visited 1 branch of the dungeon, and saw 5 of its levels.
You also visited: Sewer and Ossuary.

You collected 193 gold pieces.
You spent 33 gold pieces at shops.

Inventory:

Hand Weapons
 a - a +1 sling (weapon)
 q - a +2 dagger of electrocution
 A - a +3 quarterstaff of chaos
Missiles
 y - a throwing net
Armour
 c - a +0 robe (worn)
 h - a +0 cloak
 i - an orb of mayhem
 m - a +0 helmet (worn)
 o - a scarf of harm (worn)
 x - a +0 pair of boots (worn)
Magical Staves
 e - a staff of air
Jewellery
 n - a ring of wizardry (left hand)
 p - an amulet of magic regeneration (around neck)
 w - an amulet of guardian spirit
Wands
 F - a wand of roots (10)
Scrolls
 b - 2 scrolls of poison
 d - a scroll of fog {unknown}
 g - 4 scrolls of teleportation
 j - 3 scrolls of identify {unknown}
 k - a scroll of noise {unknown}
 l - a scroll of enchant armour {unknown}
 r - a scroll of immolation {unknown}
 u - a scroll of summoning {unknown}
 z - a scroll of amnesia {unknown}
 D - a scroll of blinking {unknown}
 G - a scroll of fear {unknown}
Potions
 f - 4 potions of haste
 s - 2 potions of brilliance {unknown}
 t - 6 potions of heal wounds
 v - 2 potions of might {unknown}
 B - a potion of invisibility {unknown}
 C - a potion of ambrosia
 E - 2 potions of mutation {unknown}


   Skills:
 - Level 3.0 Fighting
 + Level 6.8 Ranged Weapons
 - Level 2.1 Dodging
 + Level 3.3 Spellcasting
 + Level 6.4 Hexes
 - Level 2.5 Summonings
 - Level 3.0 Translocations
 + Level 2.6 Fire Magic


You had one spell level left.
You knew the following spells:

 Your Spells              Type           Power      Damage    Failure   Level
a - Jinxbite              Hex            36%        N/A       1%          2
b - Blink                 Tloc           18%        N/A       4%          2
c - Call Imp              Summ           16%        N/A       4%          2
d - Sigil of Binding      Hex            18%        N/A       1%          3
f - Inner Flame           Hex/Fire       13%        N/A       4%          3

Your spell library contained the following spells:

 Spells                   Type           Power      Damage    Failure   Level
 Magic Dart               Conj           8%         1d3       9%          1
 Cause Fear               Hex            9%         N/A       6%          4
 Dimensional Bullseye     Hex/Tloc       7%         N/A       13%         4


Dungeon Overview and Level Annotations

Branches:
Dungeon (5/15)              Sewer (visited)         Ossuary (visited)
 Temple: D:4-7

Altars:
Hepliaklqana
Nemelex Xobeh
Uskayaw

Shops:
D:4 *

Annotations:
D:5 Prince Ribbit


Innate Abilities, Weirdness & Mutations

Your life essence is reduced to manifest your ancestor. (-10% HP)
You are amphibious.
You cover ground slowly.
You can hop short distances.
You have an extended range of vision and can be seen from far away.


Message History

Confirm with . or Enter, or press ? or * to list all spells.
Aiming: Inner Flame (dangerous; 4% risk of failure)
Press: ? - help, Dir - move target, f/p - Prince Ribbit
Aim: Prince Ribbit (lightly wounded, ally target, chance to affect: 49%) Prince Ribbit resists with some effort.
Prince Ribbit hits Edwyna!
Edwyna is destroyed!
Prince Ribbit blinks!
There is an escape hatch in the floor here.
Casting: Inner Flame (dangerous; 4% risk of failure)
Confirm with . or Enter, or press ? or * to list all spells.
You inscribe a pair of binding sigils.
Hop to where?
Press: ? - help, Dir - move target, p - Prince Ribbit Boing!
Prince Ribbit moves over your binding sigil and is bound in place!
Casting: Sigil of Binding (safe; 1% risk of failure)
Confirm with . or Enter, or press ? or * to list all spells.
Aiming: Inner Flame (dangerous; 4% risk of failure)
Press: ? - help, Dir - move target, f - Prince Ribbit
Aim: Prince Ribbit (lightly wounded, bound in place, chance to affect: 49%) Prince Ribbit resists with some effort.
Casting: Inner Flame (dangerous; 4% risk of failure)
Confirm with . or Enter, or press ? or * to list all spells.
Aiming: Inner Flame (dangerous; 4% risk of failure)
Press: ? - help, Dir - move target, f/p - Prince Ribbit
Aim: Prince Ribbit (lightly wounded, bound in place, chance to affect: 49%) Prince Ribbit resists with some effort.
Prince Ribbit croaks regally.
Prince Ribbit blinks!
You shoot a sling bullet. The sling bullet hits Prince Ribbit!
Prince Ribbit is moderately wounded.
Prince Ribbit hits you!
Okay, then.
Okay, then.
Casting: Inner Flame (dangerous; 4% risk of failure)
Confirm with . or Enter, or press ? or * to list all spells.
You blink.
Prince Ribbit hits you. Prince Ribbit hits you!
As you read the scroll of teleportation, it crumbles to dust.
You feel strangely unstable. Prince Ribbit hits you!
You die...

##########.......#.#
#.......#.#
#.......#.#
#.......#>#
#.......#.#
#########^# #.#
######ยง# #<..@F.#
########


You could see Prince Ribbit (bound).

Vanquished Creatures
  Sigmund (D:5)
  A phantom (D:5)
  4 water moccasin zombies (Ossuary)
  A scorpion (D:4)
  A burial acolyte (Ossuary)
  A bombardier beetle (D:4)
  A hound (D:4)
  3 jellies (Sewer)
  An orc priest (D:3)
  A sleepcap (D:4)
  Jessica (D:3)
  Ijyb (D:5)
  3 orc wizards (D:3)
  A crocodile zombie (Ossuary)
  2 mummies (Ossuary)
  6 adders
  4 gnolls (D:3)
  3 river rats
  3 adder zombies (Ossuary)
  A dart slug (D:4)
  3 ribbon worms
  16 orcs
  12 endoplasms
  3 giant cockroaches
  2 gnoll zombies (Ossuary)
  9 goblins
  6 hobgoblins
  6 jackals (D:3)
  4 quokkas
  10 ball pythons
  4 bats
  3 frilled lizards
  5 jackal zombies (Ossuary)
  6 kobolds
  3 orc zombies (Ossuary)
  10 rats
142 creatures vanquished.

Vanquished Creatures (collateral kills)
  A scorpion (D:4)
  Crazy Yiuf (D:5)
  An orc wizard (D:4)
  A crocodile zombie (Ossuary)
  2 orcs
  A kobold (D:2)
  2 gnoll zombies (Ossuary)
  A goblin (D:3)
  A jackal zombie (Ossuary)
  2 orc zombies (Ossuary)
13 creatures vanquished.

Vanquished Creatures (others)
  2 knights (D:5)
2 creatures vanquished.

Grand Total: 157 creatures vanquished

Notes
Turn   | Place    | Note
-------+----------+-------------------------------------------
     0 | D:1      | Khashishi the Barachi Hexslinger began the quest for the
                  | Orb.
     0 | D:1      | Reached XP level 1. HP: 15/15 MP: 2/2
   224 | D:1      | Reached XP level 2. HP: 21/21 MP: 3/3
   772 | D:3      | Reached XP level 3. HP: 8/26 MP: 4/4
   776 | D:3      | Learned a level 2 spell: Jinxbite
   779 | D:3      | Learned a level 2 spell: Call Imp
   819 | D:3      | Reached skill level 1 in Summonings
   821 | D:3      | Reached XP level 4. HP: 17/32 MP: 5/5
   830 | D:3      | Found a hazy altar of Hepliaklqana.
   873 | D:3      | Became a worshipper of Hepliaklqana the Forgotten
   887 | D:3      | Noticed Jessica
   894 | D:3      | Reached XP level 5. HP: 23/38 MP: 6/6
   896 | D:3      | Killed Jessica
   936 | D:3      | Found a hide-covered altar of Uskayaw.
  1098 | D:3      | Found a glowing drain.
  1102 | D:3      | Found a sparkling altar of Nemelex Xobeh.
  1122 | Sewer    | Entered a sewer
  1131 | Sewer    | Learned a level 3 spell: Sigil of Binding
  1346 | Sewer    | Reached XP level 6. HP: 47/47 MP: 9/9
  1440 | Sewer    | Found a viscous altar of Jiyva.
  1733 | D:2      | Reached * piety under Hepliaklqana
  1862 | D:2      | Learned a level 2 spell: Blink
  2142 | D:3      | Reached skill level 5 in Ranged Weapons
  2142 | D:3      | Reached skill level 1 in Translocations
  2315 | D:3      | Reached XP level 7. HP: 46/46 MP: 11/11
  2449 | D:4      | Learned a level 3 spell: Inner Flame
  2456 | D:4      | Found Nofanah's General Store.
  2459 | D:4      | Bought a scroll of teleportation for 33 gold pieces
  2696 | D:4      | Identified the +7 mace of Xisyras {drain, rF+ Str+5 Int+3
                  | Dex-2}
  2856 | D:4      | Reached ** piety under Hepliaklqana
  2857 | D:4      | Remembered your ancestor Edwyna as a knight
  3136 | D:4      | Reached skill level 5 in Hexes
  3220 | D:5      | Entered Level 5 of the Dungeon
  3224 | D:5      | Noticed Prince Ribbit
  3358 | D:5      | Found a runed translucent door.
  3359 | D:5      | Noticed Crazy Yiuf
  3365 | D:5      | Killed Crazy Yiuf
  3425 | D:5      | Found a sand-covered staircase.
  3445 | Ossuary  | Entered an ossuary
  3475 | Ossuary  | Reached XP level 8. HP: 52/52 MP: 7/12
  3708 | D:5      | Noticed Ijyb
  3720 | D:5      | Killed Ijyb
  3760 | D:5      | Noticed Sigmund
  3771 | D:5      | Killed Sigmund
  3829 | D:5      | Slain by Prince Ribbit

Illustrated notes

Levels and vault maps discovered:
D:1:      lightli_arrival_maybe_door_vault, layout_loops_ring,
          minmay_misc_feat_four_crosses, minmay_pentomino_w2
D:2:      layout_loops_cross
D:3:      layout_loops_ring, nicolae_overflow_crystal_walls,
          mainiacjoe_overflow_catch_the_wave, portal_sewer_entry_b, uniq_robin,
          uniq_jessica
D:4:      layout_loops_corners, serial_shops, nicolae_shop_behind_doors,
          corexii_leaking_fountain
D:5:      layout_basic, lightli_ossuary_entry_decrepit_ruins,
          nicolae_underground_beach, uniq_prince_ribbit1, uniq_sigmund,
          uniq_ijyb, uniq_crazy_yiuf_cottage

Skill      XL: |  1  2  3  4  5  6  7  8 |
---------------+-------------------------+-----
Ranged Weapons | 3 4 5 6 |  6.8
Summonings     | 2 |  2.5
Fighting       | 3 |  3.0
Spellcasting   | 2 3 |  3.3
Translocations | 1 2 3 |  3.0
Hexes          | 4 5 6 |  6.4
Fire Magic     | 2 |  2.6
Dodging        | |  2.1

Action                     |  1- 3 |  4- 6 |  7- 9 || total
---------------------------+-------+-------+-------++-------
  Melee: Sling             |     7 |       |       ||     7
   Fire: Sling             |    60 |   171 |   106 ||   337
   Cast: Jinxbite          |     1 |    25 |    29 ||    55
         Call Imp          |       |     3 |     1 ||     4
         Sigil of Binding  |       |     1 |     1 ||     2
         Inner Flame       |       |       |    13 ||    13
         Blink             |       |       |     1 ||     1
 Invoke: Ancestor Identity |       |     1 |       ||     1
         Ancestor Life: Kn |       |       |     1 ||     1
Ability: Hop               |     3 |     7 |     2 ||    12
    Use: Potion            |     3 |       |       ||     3
         Scroll            |       |       |     1 ||     1
 Armour: Robe              |    22 |    15 |     9 ||    46
  Dodge: Dodged            |    23 |    19 |     7 ||    49
